 Dungeon Crawl Stone Soup version 0.30-a0-1016-gfb0d676c02 (webtiles) character file.

Game seed: 14379258264367647068

16 vishdafish the Conjurer (level 2, -2/19 HPs)
             Began as a Demonspawn Conjurer on Apr 6, 2023.
             Slain by a phantom (5 damage)
             ... on level 2 of the Dungeon.
             The game lasted 00:01:09 (1264 turns).

vishdafish the Conjurer (Demonspawn Conjurer)       Turns: 1264, Time: 00:01:10

Health: -2/19      AC:  3    Str:  7    XL:     2   Next: 37%
Magic:  0/5        EV: 12    Int: 19    God:
Gold:   59         SH:  0    Dex: 11    Spells: 4/5 levels left

rFire   . . .      SeeInvis .    (no weapon)
rCold   . . .      Faith    .    (no shield)
rNeg    . . .      Spirit   .    a - +0 robe
rPois   .          Reflect  .    (no helmet)
rElec   .          Rampage  .    (no cloak)
rCorr   .                        (no gloves)
Will    .....                    (no boots)
Stlth   ++                       (no amulet)
HPRegen 0.23/turn                (no ring)
MPRegen 0.09/turn                (no ring)

@: mighty, brilliant, attractive, hasted, invisible, very quick
A: rugged brown scales 1
a: no special abilities


You were on level 2 of the Dungeon.
You visited 1 branch of the dungeon, and saw 2 of its levels.

You collected 59 gold pieces.

Inventory:

Armour
 a - a +0 robe (worn)
Scrolls
 f - 4 scrolls of identify {unknown}
Potions
 c - 2 potions of attraction
 d - a potion of haste


   Skills:
 - Level 1.7 Dodging
 - Level 1.7 Stealth
 + Level 2.4 Spellcasting
 + Level 4.3 Conjurations


You had 4 spell levels left.
You knew the following spells:

 Your Spells              Type           Power      Damage    Failure   Level
a - Magic Dart            Conj           100%       1d8       2%          1

Your spell library contained the following spells:

 Spells                   Type           Power      Damage    Failure   Level
 Searing Ray              Conj           56%        2d6       4%          2
 Dazzling Flash           Conj/Hex       30%        N/A       21%         3
 Fulminant Prism          Conj/Hex       7%         3d7       54%         4
 Iskenderun's Mystic Bla  Conj/Tloc      15%        2d5       54%         4


Dungeon Overview and Level Annotations

Branches:
Dungeon (2/15)

Altars:

Shops:
D:1 [


Innate Abilities, Weirdness & Mutations

You are partially covered in rugged brown scales. (AC +1, +3% HP)


Message History

The phantom closely misses you.
Aiming: Magic Dart (safe; 2% risk of failure)
Press: ? - help, Q - select action Shift-Dir - straight line, f/p - phantom
Aim: a phantom (heavily damaged, 100% to hit)
The magic dart hits the phantom.
The phantom is heavily damaged.
The phantom hits you but does no damage.
It was a potion of attraction.
You feel attractive to monsters. The phantom hits you.
* * * LOW HITPOINT WARNING * * *
The phantom blinks!
You blink.
It was a potion of haste.
You feel yourself speed up. The phantom hits you.
* * * LOW HITPOINT WARNING * * *
It was a potion of might.
You feel very mighty all of a sudden.
You barely miss the phantom.
The phantom is heavily damaged.
The phantom hits you but does no damage.
You hit the phantom.
The phantom is heavily damaged.
You closely miss the phantom.
The phantom is heavily damaged.
The phantom closely misses you.
You hit the phantom but do no damage.
The phantom is heavily damaged.
The phantom misses you.
It was a potion of brilliance.
You feel clever all of a sudden.
Okay, then.
Aiming: Magic Dart (safe; 2% risk of failure)
Press: ? - help, Q - select action Shift-Dir - straight line, f/p - phantom
Aim: a phantom (heavily damaged, 100% to hit)
You feel a surge of power!
The magic dart hits the phantom.
The phantom is severely damaged.
The phantom barely misses you.
It was a potion of invisibility.
You fade into invisibility!
The phantom hits you.
You die...

#.#..#.....#.#
#.#..#.###...##
#.#.##.....#..# #..#
########## ###
########## ### ###
######..#.#.#.# #.# #.#
.......#.#.#.#.#.#.#.#.#
###W@###.###.###.###.
#...#.#.#.#.#.#.#.#.#
#.#..#.#.#.#.#.#.#.#. #
#.################# #.#
#.## #.ยง###.# #......#
#.######


You could see a phantom (unable to see you).

Vanquished Creatures
  2 endoplasms
  A giant cockroach (D:1)
  2 goblins
  A hobgoblin (D:2)
  3 kobolds (D:1)
  A quokka (D:1)
  2 ball pythons
  A bat (D:1)
  2 rats
15 creatures vanquished.

Notes
Turn   | Place    | Note
-------+----------+-------------------------------------------
     0 | D:1      | vishdafish the Demonspawn Conjurer began the quest for the
                  | Orb.
     0 | D:1      | Reached XP level 1. HP: 13/13 MP: 3/3
    23 | D:1      | Found Cec Miynk's Armour Shoppe.
   556 | D:1      | Gained mutation: You are partially covered in rugged brown
                  | scales. (AC +1, +3% HP) [demonic ancestry]
   556 | D:1      | Reached XP level 2. HP: 13/19 MP: 0/5
  1243 | D:2      | Noticed a phantom
  1264 | D:2      | Slain by a phantom

Illustrated notes

Levels and vault maps discovered:
D:1:      scummos_arrival_forest, layout_basic, serial_shops,
          nicolae_diamond_shop, minmay_tree_intersection, minmay_crystal_water
D:2:      layout_basic, roderic_roman_lattice

Action                     || total
---------------------------++-------
  Melee: Unarmed           ||     4
   Cast: Magic Dart        ||    42
    Use: Potion            ||     6
 Armour: Robe              ||     2
  Dodge: Dodged            ||     8

Table legend: (Time is in decaauts)
 A = Elapsed time spent in this place.
 B = Non-inter-level travel time spent in this place.
 C = Inter-level travel time spent in this place.
 D = Time resting spent in this place.
 E = Time spent auto-exploring this place.
 F = Levels seen in this place.
 G = Mean time per level.
                   A        B        C        D        E       F      G
               +--------+--------+--------+--------+--------+-----+--------+
         Total |   1261 |   1240 |     21 |      0 |   1150 |   2 |  630.5 |
       Dungeon |   1261 |   1240 |     21 |      0 |   1150 |   2 |  630.5 |
               +--------+--------+--------+--------+--------+-----+--------+

Top non-repeatable levels by time:
     D:1: 838 daAuts
     D:2: 423 daAuts
